 Dungeon Crawl Stone Soup version 0.32-a0-872-g59262bd (webtiles) character file.

Game seed: 9634035733233949888

5549 lyrin the Nimble (level 10, -3/83 HPs)
             Began as a Minotaur Fire Elementalist on Mar 30, 2024.
             Was a High Priest of Okawaru.
             Slain by an orc warrior
             ... wielding a +0 trident
              (14 damage)
             ... on level 9 of the Dungeon.
             The game lasted 00:18:21 (11908 turns).

lyrin the Nimble (Minotaur Fire Elementalist)      Turns: 11908, Time: 00:18:22

Health: -3/83      AC:  6    Str: 13    XL:     10   Next: 44%
Magic:  2/23       EV: 14    Int: 16    God:    Okawaru [*****.]
Gold:   490        SH:  0    Dex: 11    Spells: 8/11 levels left

rFire   + . .        d - +4 quarterstaff (chaos)
rCold   x . .        (shield currently unavailable)
rNeg    . . .        a - +0 robe
rPois   .            (helmet restricted)
rElec   .            K - +0 cloak {rCorr}
rCorr   +            G - +2 pair of gloves
SInv    .            (no boots)
Will    .....        (no amulet)
Stlth   ++           k - ring of fire
HPRegen 0.33/turn    l - ring of magical power
MPRegen 0.18/turn

%: no passive effects
@: no status effects
A: horns 2, retaliatory headbutt
a: Renounce Religion, Heroism, Finesse, Duel


You were on level 9 of the Dungeon.
You worshipped Okawaru.
Okawaru was extremely pleased with you.
You visited 1 branch of the dungeon, and saw 9 of its levels.

You collected 490 gold pieces.

Inventory:

Hand Weapons
 d - a +4 quarterstaff of chaos (weapon)
 r - a +3 dagger
 E - a +0 whip of flaming
 F - a +0 whip of venom
 L - a +6 scimitar
 M - a +3 long sword of freezing
 N - the +5 rapier "Bytus" {antimagic, Str+3}
   (You found it on level 8 of the Dungeon)

   Str+3:     It affects your strength (+3).
Missiles
 i - 22 poisoned darts
 I - a curare-tipped dart
Armour
 a - a +0 robe (worn)
 G - a +2 pair of gloves (worn)
 K - a +0 cloak of preservation (worn)
Jewellery
 k - a ring of fire (left hand)
 l - a ring of magical power (right hand)
 m - a +6 ring of dexterity
 n - a ring of willpower
 B - a ring of flight
 H - a ring of see invisible
Wands
 D - a wand of light (5)
 J - a wand of flame (16)
Scrolls
 c - a scroll of summoning {unknown}
 g - a scroll of amnesia {unknown}
 j - 15 scrolls of identify {unknown}
 o - 2 scrolls of poison {unknown}
 p - 2 scrolls of noise {unknown}
 s - a scroll of silence {unknown}
 t - a scroll of fear {unknown}
 v - a scroll of revelation {unknown}
 x - 3 scrolls of teleportation {unknown}
 y - 2 scrolls of immolation {unknown}
 z - a scroll of enchant weapon {unknown}
 A - a scroll of fog {unknown}
Potions
 b - 2 potions of invisibility {unknown}
 e - 3 potions of mutation {unknown}
 f - a potion of might {unknown}
 h - 2 potions of curing
 q - 2 potions of resistance {unknown}
 u - 4 potions of degeneration {unknown}
 w - 3 potions of haste {unknown}
 C - 2 potions of enlightenment {unknown}


   Skills:
 + Level 6.1 Fighting
 + Level 1.2 Short Blades
 - Level 1.2(2.3) Maces & Flails
 * Level 3.1(3.3) Staves
 + Level 9.0 Dodging
 - Level 2.4 Stealth
 - Level 1.3 Spellcasting
 - Level 0.6 Conjurations
 * Level 7.1 Fire Magic
 * Level 7.6 Invocations


You had 8 spell levels left.
You knew the following spells:

 Your Spells              Type           Power      Damage    Failure   Level
a - Foxfire               Conj/Fire      80%        2x1d8     4%          1
b - Scorch                Fire           72%        2d8       1%          2

Your spell library contained the following spells:

 Spells                   Type           Power      Damage    Failure   Level
 Inner Flame              Hex/Fire       18%        N/A       16%         3
 Volatile Blastmotes      Fire/Tloc      36%        2d13      16%         3
 Freeze                   Ice            4%         1d3       22%         1
 Mercury Vapours          Alch/Air       2%         N/A       32%         2
 Sublimation of Blood     Necr           1%         N/A       32%         2
 Flame Wave               Conj/Fire      20%        2d7       41%         4
 Hailstorm                Conj/Ice       2%         3d5       52%         3
 Mephitic Cloud           Conj/Alch/Air  1%         N/A       52%         3
 Frozen Ramparts          Ice            2%         1d1       54%         3
 Ozocubu's Armour         Ice            1%         N/A       54%         3
 Freezing Cloud           Conj/Ice/Air   0%         6-21      99%         5
 Metabolic Englaciation   Hex/Ice        0%         N/A       99%         5
 Orb of Destruction       Conj           1%         9d5       100%        7
 Call Imp                 Summ           Unusable   N/A       N/A         2
 Summon Blazeheart Golem  Fire/Summ      Unusable   N/A       N/A         4
 Spellforged Servitor     Conj/Summ      Unusable   N/A       N/A         7
 Summon Hydra             Summ           Unusable   N/A       N/A         7

Dungeon Overview and Level Annotations

Branches:
Dungeon (9/15)             Temple (0/1) D:7
   Lair: D:8-11         Orc: D:9-12

Altars:
Elyvilon
Kikubaaqudgha
Nemelex Xobeh
Okawaru
Qazlal
Sif Muna
Uskayaw
Vehumet
Xom
Yredelemnul
The Shining One

Shops:
D:4 ?

Annotations:
D:5 2 transporters
D:6 Jeremiah


Innate Abilities, Weirdness & Mutations

You have a pair of horns on your head.
You reflexively headbutt those who attack you in melee.


Message History

The orc warrior shouts!
You hear a shout!
Items here: $ ) [ †.
The orc warrior hits you from afar with a +0 trident.
An orc comes into view. It is wielding a +0 club.
Items here: $ )) [[ ††.
Casting: Scorch (safe; 1% risk of failure)
Confirm with . or Enter, or press ? or * to list all spells.
You feel a surge of power!
Flames lash the orc warrior.
The orc warrior is lightly wounded.
The orc warrior's fire resistance burns away.
The orc warrior hits you but does no damage.
Casting: Scorch (safe; 1% risk of failure)
Confirm with . or Enter, or press ? or * to list all spells.
You feel a surge of power!
Flames lash the orc warrior but do no damage.
The orc warrior hits you from afar with a +0 trident.
Casting: Scorch (safe; 1% risk of failure)
Confirm with . or Enter, or press ? or * to list all spells.
You feel a surge of power!
Flames lash the orc warrior.
The orc warrior is burned terribly!
The orc warrior is heavily wounded.
The orc warrior hits you from afar with a +0 trident.
* * * LOW HITPOINT WARNING * * *
The orc warrior attacks as it pursues you!
The orc warrior hits you from afar with a +0 trident!
* * * LOW HITPOINT WARNING * * *
The orc warrior closely misses you.
Items here: $ ))) [[ ††.
Aiming: Bolt of Light
Press: ? - help, Shift-Dir - straight line, f - orc
Aim: an orc, wielding a +0 club and wearing a +0 ring mail (75% to hit)
The bolt of light hits the orc warrior!
The orc warrior is severely wounded.
The orc warrior is blinded.
The bolt of light misses the orc.
The orc warrior hits you from afar with a +0 trident.
* * * LOW HITPOINT WARNING * * *
You feel better.
The orc warrior is no longer more vulnerable to fire.
The orc warrior hits you from afar with a +0 trident!
You die...

#. ......# #. #......#
#.####+###......#
####+########...............##
.............................#
.......................).....#
........<....................#
................@.oo$........#
####..............?..$$......#
#................##).######
#..).............###..#
#................# .##
#......#######...# ..
#....###.....#...# ..#
#....#.......#...# .#.
####....#.......#...# ..#.


You could see an orc warrior (blind, unable to see you) and an orc.

Vanquished Creatures
  Pikel (D:6)
  Joseph (D:7)
  The ghost of Draconius the Digger, an amateur GrEE (D:7)
  A wyvern (D:8)
  5 yaks (D:8)
  A steam dragon (D:7)
  2 water moccasins
  Duvessa (D:7)
  An ice beast (D:5)
  2 orc warriors
  A sky beast (D:7)
  2 black bears
  3 ogres (D:5)
  2 centaurs
  3 kobold brigands
  4 lemures (D:5)
  2 bullfrogs (D:7)
  4 scorpions
  8 wights
  Dowan (D:7)
  3 killer bees
  A bombardier beetle (D:4)
  3 hounds
  2 jellies
  A gnoll bouda (D:4)
  Crazy Yiuf (D:6)
  5 orc priests
  2 sleepcaps
  2 iguanas
  10 orc wizards
  4 gnolls (D:4)
  7 adders
  2 shadow imps
  A white imp (D:5)
  3 ufetubi
  2 dart slugs
  2 ribbon worms
  39 orcs
  8 endoplasms
  3 giant cockroaches
  5 goblins
  7 hobgoblins
  3 jackals (D:3)
  2 quokkas
  8 ball pythons
  A bat (D:1)
  A frilled lizard (D:3)
  22 kobolds
  6 rats
202 creatures vanquished.

Vanquished Creatures (others)
  Prince Ribbit (D:6)
  An ufetubus (D:6)
  An endoplasm (D:3)
  223 foxfires
226 creatures vanquished.

Grand Total: 428 creatures vanquished

Notes
Turn   | Place    | Note
-------+----------+-------------------------------------------
     0 | D:1      | lyrin the Minotaur Fire Elementalist began the quest for
                  | the Orb.
     0 | D:1      | Reached XP level 1. HP: 14/14 MP: 1/1
   473 | D:1      | Reached XP level 2. HP: 19/20 MP: 0/3
   564 | D:1      | Reached skill level 3 in Dodging
  1220 | D:2      | Reached XP level 3. HP: 26/26 MP: 0/4
  2403 | D:3      | Reached XP level 4. HP: 22/33 MP: 5/5
  2511 | D:3      | Reached skill level 1 in Short Blades
  3107 | D:3      | Found a hide-covered altar of Uskayaw.
  3107 | D:3      | Found an iron altar of Okawaru.
  3122 | D:3      | Became a worshipper of Warmaster Okawaru
  3388 | D:4      | Reached XP level 5. HP: 38/38 MP: 6/6
  3679 | D:4      | Learned a level 2 spell: Scorch
  3689 | D:4      | Reached skill level 1 in Fighting
  3987 | D:4      | Reached XP level 6. HP: 47/47 MP: 7/7
  4113 | D:4      | Found Awnumn's Magic Scroll Emporium.
  4135 | D:4      | Reached skill level 4 in Dodging
  4135 | D:4      | Reached skill level 1 in Invocations
  4406 | D:4      | Reached * piety under Okawaru
  4933 | D:5      | Entered Level 5 of the Dungeon
  4940 | D:5      | Reached XP level 7. HP: 52/52 MP: 6/8
  5028 | D:5      | Found a shimmering blue altar of Sif Muna.
  5029 | D:5      | Noticed a shadow
  5031 | D:5      | Found a sparkling altar of Nemelex Xobeh.
  5034 | D:5      | Found a transporter.
  5145 | D:5      | Found a transporter.
  5262 | D:5      | Found an ancient bone altar of Kikubaaqudgha.
  5291 | D:5      | Reached skill level 5 in Fire Magic
  5578 | D:5      | Found a stormy altar of Qazlal.
  5808 | D:4      | Reached ** piety under Okawaru
  5809 | D:4      | Reached skill level 5 in Dodging
  5809 | D:4      | Reached XP level 8. HP: 6/63 MP: 1/10
  6660 | D:6      | Noticed Pikel
  6732 | D:6      | Killed Pikel
  6732 | D:6      | Reached *** piety under Okawaru
  6733 | D:6      | Reached skill level 6 in Dodging
  6733 | D:6      | Reached skill level 5 in Invocations
  6858 | D:6      | Reached skill level 5 in Fighting
  7199 | D:6      | Found a radiant altar of Vehumet.
  7201 | D:6      | Noticed Jeremiah
  7201 | D:6      | Noticed Prince Ribbit
  7276 | D:6      | Found a shimmering altar of Xom.
  7276 | D:6      | Found a glowing golden altar of the Shining One.
  7383 | D:6      | Reached XP level 9. HP: 74/74 MP: 12/12
  7421 | D:6      | Reached skill level 7 in Dodging
  7862 | D:6      | Killed Prince Ribbit
  7954 | D:6      | Found a runed translucent door.
  7955 | D:6      | Noticed Crazy Yiuf
  8370 | D:7      | Reached skill level 8 in Dodging
  8396 | D:7      | Reached **** piety under Okawaru
  8546 | D:7      | Found a staircase to the Ecumenical Temple.
  8597 | D:7      | Found a runed translucent door.
  8599 | D:7      | Noticed Draconius's ghost (amateur GrEE)
  9005 | D:7      | Noticed Joseph
  9017 | D:7      | Killed Joseph
  9018 | D:7      | Reached skill level 1 in Maces & Flails
  9226 | D:7      | Noticed Duvessa
  9232 | D:7      | Noticed Dowan
  9234 | D:7      | Killed Duvessa
  9258 | D:7      | Killed Dowan
  9406 | D:7      | Found a white marble altar of Elyvilon.
  9660 | D:7      | Killed Draconius's ghost
  9838 | D:6      | Killed Crazy Yiuf
 10237 | D:8      | Reached skill level 1 in Staves
 10237 | D:8      | Reached XP level 10. HP: 70/83 MP: 14/14
 10646 | D:8      | Reached ***** piety under Okawaru
 11211 | D:8      | Identified the +5 rapier "Bytus" {antimagic, Str+3}
 11448 | D:8      | Found a basalt altar of Yredelemnul.
 11731 | D:9      | Noticed a two-headed ogre
 11786 | D:9      | Reached skill level 9 in Dodging
 11903 | D:9      | HP: 3/83 [orc warrior/+0 trident (6)]
 11908 | D:9      | Slain by an orc warrior

Illustrated notes

Levels and vault maps discovered:
D:1:      dpeg_arrival_circle_labyrinth_c, layout_basic
D:2:      minmay_angry_zag, layout_basic
D:3:      layout_loops_ring, gammafunk_temple_overflow_pools
D:4:      layout_basic, serial_shops, nicolae_shop_just_a_little_nook
D:5:      layout_loops_corners, mainiacjoe_overflow_brackets,
          grunt_qazlal_clouds, gammafunk_temple_overflow_arena,
          chequers_serial_rivers_micro_a, minmay_chambers_of_fives
D:6:      layout_cave_pools, fiery_altar_vehumet,
          mainiacjoe_overflow_catwalk_spiral, uniq_jeremiah,
          uniq_prince_ribbit1, uniq_crazy_yiuf_cottage, uniq_pikel
D:7:      layout_loops_ring, mainiacjoe_overflow_six_doors_small,
          minmay_temple_entry_ruins, gammafunk_ghost_grave, uniq_joseph,
          uniq_duvessa
D:8:      layout_cave_pools, nicolae_overflow_hidden_temple
D:9:      minmay_goldmine, layout_irregular_city, worms_lemuel

Skill      XL: |  1  2  3  4  5  6  7  8  9 10 |
---------------+-------------------------------+-----
Dodging        | 3 4 5 6 8 9 |  9.0
Stealth        | 2 |  2.4
Short Blades   | 1 |  1.2
Fire Magic     | 3 4 5 6 7 |  7.1
Fighting       | 1 3 5 6 |  6.1
Invocations    | 1 4 6 7 |  7.6
Maces & Flails | 1 |  1.2
Staves         | 1 3 |  3.1
Spellcasting   | |  1.3
Conjurations   | |  0.6

Action                     |  1- 3 |  4- 6 |  7- 9 | 10-12 || total
---------------------------+-------+-------+-------+-------++-------
  Melee: Unarmed           |     5 |       |       |       ||     5
         Dagger            |    17 |    11 |       |       ||    28
         Headbutt          |     1 |     1 |     1 |     3 ||     6
         Whip              |       |       |    29 |       ||    29
         Quarterstaff      |       |       |     3 |    23 ||    26
   Cast: Foxfire           |    59 |    67 |       |       ||   126
         Scorch            |       |    34 |   204 |    64 ||   302
 Invoke: Heroism           |       |       |       |     1 ||     1
         Finesse           |       |       |       |     1 ||     1
  Evoke: Wand              |       |       |     1 |     2 ||     3
    Use: Potion            |       |     2 |     1 |     2 ||     5
   Stab: Confused          |       |       |       |     2 ||     2
 Armour: Robe              |    32 |    40 |   144 |    55 ||   271
  Dodge: Dodged            |    21 |    33 |   133 |    62 ||   249

Table legend: (Time is in decaauts)
 A = Elapsed time spent in this place.
 B = Non-inter-level travel time spent in this place.
 C = Inter-level travel time spent in this place.
 D = Time resting spent in this place.
 E = Time spent auto-exploring this place.
 F = Levels seen in this place.
 G = Mean time per level.
                   A        B        C        D        E       F      G
               +--------+--------+--------+--------+--------+-----+--------+
         Total |  11928 |  11547 |    381 |   2134 |   7353 |   9 | 1325.3 |
       Dungeon |  11928 |  11547 |    381 |   2134 |   7353 |   9 | 1325.3 |
               +--------+--------+--------+--------+--------+-----+--------+

Top non-repeatable levels by time:
     D:7: 2043 daAuts
     D:5: 2032 daAuts
     D:4: 1738 daAuts
     D:6: 1355 daAuts
     D:8: 1231 daAuts
     D:1: 1197 daAuts
     D:2: 1189 daAuts
     D:3: 1000 daAuts
     D:9: 139 daAuts
